 Dungeon Crawl Stone Soup version 0.30.0-10-gfe55d96785 (webtiles) character file.

Game seed: 17403830980585181598

102 qw the Chopper (level 4, -2/28 HPs)
             Began as a Gargoyle Cinder Acolyte on May 17, 2023.
             Was a High Priest of Ignis.
             Splashed by a jelly's acid (4 damage)
             ... on level 2 of the Dungeon.
             The game lasted 00:00:49 (1367 turns).

qw the Chopper (Gargoyle Cinder Acolyte)            Turns: 1367, Time: 00:00:50

Health: -2/28      AC: 13    Str: 20    XL:     4   Next: 77%
Magic:  5/5        EV: 11    Int: 14    God:    Ignis [*****.]
Gold:   72         SH:  0    Dex:  5    Spells: 5/5 levels left

rFire   + . .        Y - -1 hand axe (flame)
rCold   . . .        (no shield)
rNeg    + . .        b - +0 robe
rPois   inf          e - +0 helmet
rElec   +            (no cloak)
rCorr   .            (no gloves)
SInv    .            (no boots)
Will    .....        (no amulet)
Stlth   +            (no ring)
HPRegen 0.24/turn    (no ring)
MPRegen 0.09/turn

%: no passive effects
@: about to teleport, fiery-armoured
A: sickness immunity, AC +3, negative energy resistance 1, electricity
resistance, torment resistance 1, petrification resistance
a: Renounce Religion, Fiery Armour, Foxfire Swarm, Rising Flame


You were on level 2 of the Dungeon.
You worshipped Ignis.
Ignis was extremely pleased with you.
You visited 1 branch of the dungeon, and saw 2 of its levels.

You collected 72 gold pieces.


Innate Abilities, Weirdness & Mutations

You are immune to sickness and miasma.
Your stone body is resilient. (AC +3)
You are immune to poison.
You resist negative energy. (rN+)
You are resistant to electric shocks. (rElec)
You are resistant to unholy torment.
You are immune to petrification.


   Skills:
 - Level 3.2 Fighting
 + Level 4.9 Axes
 - Level 1.0 Spellcasting
 - Level 3.0 Fire Magic


You had 5 spell levels left.
You didn't know any spells.
Your spell library contained the following spells:

 Spells                   Type           Power      Damage    Failure   Level
 Scorch                   Fire           18%        2d6       12%         2

Inventory:

Hand Weapons
 Y - a -1 hand axe of flaming (weapon)
Armour
 b - a +0 robe (worn)
 e - a +0 helmet (worn)
Scrolls
 f - a scroll of identify
 h - a scroll of torment {unknown}
Potions
 c - 4 potions of curing
 d - 2 potions of brilliance {unknown}
 g - a potion of attraction {unknown}

Dungeon Overview and Level Annotations

Branches:
Dungeon (2/15)

Altars:


Message History

You barely miss the jelly. The endoplasm closely misses you.
The jelly hits you but does no damage.
The jelly is burned by your cloak of flames.
The jelly is moderately wounded.
The endoplasm jiggles.
You hit the endoplasm. You burn the endoplasm.
You kill the endoplasm!
You hit the jelly. You burn the jelly.
Your hands burn!
The jelly hits you but does no damage.
The jelly is burned by your cloak of flames.
You kill the jelly!
The endoplasm jiggles.
You hit the endoplasm. You burn the endoplasm.
The endoplasm is moderately wounded.
You hit the endoplasm but do no damage. The endoplasm freezes you.
You are frozen.
The endoplasm freezes you.
You are frozen.
You hit the endoplasm. You burn the endoplasm.
The endoplasm is severely wounded.
You hit the endoplasm but do no damage. The endoplasm freezes you.
You are frozen.
The endoplasm freezes you.
You are frozen.
The endoplasm hits the fungus.
The fungus begins to die.
1365 ||| READING scroll of teleportation.
As you read the scroll of teleportation, it crumbles to dust.
You feel strangely unstable. The endoplasm barely misses you. x2
You hit the endoplasm. You burn the endoplasm.
You kill the endoplasm!
You hit the endoplasm. You burn the endoplasm. You hit the jelly.
You burn the jelly.
Your hands burn!
The endoplasm freezes you.
You are frozen.
You hit the endoplasm. You burn the endoplasm.
You kill the endoplasm!
You hit the jelly but do no damage.
Your hands burn!
You die...

.<#..#..# ###
.##..#%.##).....##.#######
.....>..##P....P#)#.#....#####
###.#..###..%...#.#.#.....##.#
#.#..# #.PP..P#.#'#......'.##
#.#..###......#.#.....)).'..###
###.#...##.P.%JJ#.#.....)).'.....
....#...##...%.J#.#.....).##.####
#####...##...PJJ@##.....)#####
........##.%....##########
######..######## ###
#..##########
..####...........############
..'....#########............###
..###### ##.............# ..#
#.............# ..#
#.............###


You could see a jelly and 4 endoplasms.

Vanquished Creatures
  A jelly (D:2)
  An adder (D:2)
  2 worms (D:2)
  A ball python (D:1)
  4 bats
  8 endoplasms (D:2)
  3 giant cockroaches
  6 goblins
  4 hobgoblins
  3 jackals (D:1)
  11 kobolds
  4 frilled lizards (D:1)
  8 rats
56 creatures vanquished.

Notes
Turn   | Place    | Note
-------+----------+-------------------------------------------
     0 | D:1      | qw the Gargoyle Cinder Acolyte began the quest for the Orb.
     0 | D:1      | Reached XP level 1. HP: 14/14 MP: 2/2
     0 | D:1      | 0 ||| qw: Version: 0.2-a-95-g4c1bab1
     0 | D:1      | 0 ||| qw: Game counter: 153
     0 | D:1      | 0 ||| qw: Always use a shield: true
     0 | D:1      | 0 ||| qw: God list: Okawaru
     0 | D:1      | 0 ||| qw: Allow faded altars: false
     0 | D:1      | 0 ||| qw: Do Orc after D:15 true
     0 | D:1      | 0 ||| qw: Do second Lair branch before Depths: true
     0 | D:1      | 0 ||| qw: Lair rune preference: random
     0 | D:1      | 0 ||| qw: Plans: Normal
     0 | D:1      | 0 ||| PLANNING D:1-11
   108 | D:1      | 108 ||| Stepping ~*~*~tactically~*~*~ (hiding).
   115 | D:1      | Reached skill level 3 in Axes
   118 | D:1      | Reached XP level 2. HP: 19/19 MP: 3/3
   191 | D:1      | 191 ||| INVOKING Fiery Armour.
   648 | D:1      | Reached XP level 3. HP: 23/23 MP: 4/4
   836 | D:1      | 836 ||| UPGRADING to +0 helmet.
   841 | D:1      | 841 ||| READING 2 scrolls labelled JIPEDOTOOPS.
   844 | D:1      | 844 ||| READING 2 scrolls labelled GOD ULAQOECUSEL.
   845 | D:1      | 845 ||| READING scroll labelled TOGAX JITUEF.
   846 | D:1      | 846 ||| DRINKING 2 clear potions.
  1022 | D:2      | Reached skill level 4 in Axes
  1169 | D:2      | Reached XP level 4. HP: 28/28 MP: 5/5
  1268 | D:2      | 1268 ||| INVOKING Fiery Armour.
  1313 | D:2      | 1313 ||| Stepping ~*~*~tactically~*~*~ (stealth).
  1317 | D:2      | 1317 ||| Stepping ~*~*~tactically~*~*~ (stealth).
  1357 | D:2      | 1357 ||| Stepping ~*~*~tactically~*~*~ (stealth).
  1364 | D:2      | HP: 7/28 [frozen (3)]
  1365 | D:2      | 1365 ||| READING scroll of teleportation.
  1366 | D:2      | HP: 2/28 [frozen (4)]
  1367 | D:2      | Splashed by a jelly's acid

Levels and vault maps discovered:
D:1:      dpeg_arrival_pits, layout_basic
D:2:      cheibrodos_fertilizer, layout_basic

Skill      XL: |  1  2  3 |
---------------+----------+-----
Axes           | 3 4 |  4.9
Fighting       | |  3.2
Spellcasting   | |  1.0
Fire Magic     | |  3.0

Action                     |  1- 3 |  4- 6 || total
---------------------------+-------+-------++-------
  Melee: Hand axe          |   114 |    18 ||   132
 Invoke: Fiery Armour      |     1 |     1 ||     2
    Use: Scroll            |     3 |     1 ||     4
         Potion            |     1 |       ||     1
 Armour: Robe              |    45 |    10 ||    55
  Dodge: Dodged            |    70 |     6 ||    76

Table legend:
 A = Non-vault XP
 B = Vault XP
 C = Vault XP percentage of total XP
 D = Non-vault monster count
 E = Vault monster count
 F = Vault count percentage of total count
                 A         B        C        D         E       F
            +---------+---------+-------+---------+---------+-------
      Total |      86 |      62 |  41.9 |      43 |      13 |  23.2
            +---------+---------+-------+---------+---------+-------
        D:1 |      38 |       0 |   0.0 |      24 |       0 |   0.0
        D:2 |      48 |      62 |  56.4 |      19 |      13 |  40.6
            +---------+---------+-------+---------+---------+-------
